 Dungeon Crawl Stone Soup version 0.31.0-12-g77e489cdc1 (webtiles) character file.

Game seed: 16956847036247335889

3273 lordive the Geomancer (level 10, -3/52 HPs)
             Began as a Gargoyle Earth Elementalist on Feb 28, 2024.
             Was a Believer of Vehumet.
             Slain by a wight
             ... wielding a +4 halberd
              (11 damage)
             ... on level 8 of the Dungeon.
             The game lasted 00:22:46 (8277 turns).

lordive the Geomancer (Gargoyle Earth Elementalist) Turns: 8277, Time: 00:22:47

Health: -3/52      AC: 11    Str: 13    XL:     10   Next: 0%
Magic:  16/20      EV: 12    Int: 21    God:    Vehumet [**....]
Gold:   532        SH:  4    Dex: 10    Spells: 13/22 levels left

rFire   . . .        l - +2 flail (pain)
rCold   . . .        G - +0 buckler
rNeg    + . .        x - +0 robe of Stained Birdsong {Int+2}
rPois   ∞            o - +0 helmet
rElec   +            I - +0 cloak
rCorr   .            (no gloves)
SInv    +            (no boots)
Will    .....        (no amulet)
Stlth   ++           u - ring of see invisible
HPRegen 0.28/turn    (no ring)
MPRegen 0.17/turn

%: no passive effects
@: no status effects
A: sickness immunity, AC +7, negative energy resistance 1, electricity
resistance, torment resistance 1, petrification resistance
a: Renounce Religion


You were on level 8 of the Dungeon.
You worshipped Vehumet.
Vehumet was pleased with you.
You visited 2 branches of the dungeon, and saw 9 of its levels.
You also visited: Ossuary.

You collected 532 gold pieces.

Inventory:

Hand Weapons
 l - a +2 flail of pain (weapon)
 n - a +1 whip of venom
Armour
 f - a +0 leather armour
 i - a +0 ring mail
 o - a +0 helmet (worn)
 x - the +0 robe of Stained Birdsong (worn) {Int+2}
   (You found it on level 2 of the Dungeon)

   Int+2:     It affects your intelligence (+2).
 G - a +0 buckler (worn)
 I - a +0 cloak (worn)
 J - a +0 kite shield
Jewellery
 u - a ring of see invisible (left hand)
 A - a +4 ring of protection
 B - a ring of flight
Wands
 v - a wand of paralysis (24)
 w - a wand of mindburst (3)
 E - a wand of digging (6)
Scrolls
 a - 2 scrolls of vulnerability
 c - 2 scrolls of enchant weapon
 d - 2 scrolls of blinking
 e - 4 scrolls of teleportation
 h - a scroll of enchant armour {unknown}
 p - a scroll of noise {unknown}
 q - 2 scrolls of torment {unknown}
 r - 2 scrolls of fear {unknown}
 s - a scroll of poison {unknown}
 y - 2 scrolls of fog {unknown}
 z - a scroll of brand weapon {unknown}
 F - 3 scrolls of amnesia {unknown}
 H - a scroll of summoning {unknown}
 M - 2 scrolls of revelation {unknown}
 N - 2 scrolls of identify
Potions
 b - 4 potions of magic
 g - a potion of degeneration {unknown}
 j - a potion of ambrosia
 k - a potion of heal wounds
 m - 2 potions of resistance
 t - a potion of mutation
 C - a potion of cancellation
 D - 2 potions of lignification
 K - 2 potions of might {unknown}
 L - 2 potions of curing {unknown}
 O - a potion of brilliance {unknown}


   Skills:
 + Level 1.1 Fighting
 * Level 3.8 Dodging
 - Level 2.3 Stealth
 * Level 4.0 Shields
 + Level 6.7 Spellcasting
 * Level 7.1 Conjurations
 * Level 2.1 Fire Magic
 + Level 9.5 Earth Magic


You had 13 spell levels left.
You knew the following spells:

 Your Spells              Type           Power      Damage    Failure   Level
a - Sandblast             Erth           94%        2d19      1%          1
b - Stone Arrow           Conj/Erth      84%        3d12      1%          3
c - Brom's Barrelling Bo  Conj/Erth      42%        2d6       3%          4
d - Foxfire               Conj/Fire      100%       2x1d9     1%          1

Your spell library contained the following spells:

 Spells                   Type           Power      Damage    Failure   Level
 Frozen Ramparts          Ice            14%        1d3       34%         3
 Magic Dart               Conj           100%       1d8       1%          1
 Passwall                 Erth           47%        N/A       1%          3
 Kiss of Death            Conj/Necr      88%        2d12      2%          1
 Petrify                  Alch/Erth      27%        N/A       17%         4
 Blink                    Tloc           14%        N/A       19%         2
 Call Imp                 Summ           14%        N/A       19%         2
 Lesser Beckoning         Tloc           14%        N/A       19%         2
 Volatile Blastmotes      Fire/Tloc      22%        2d11      24%         3
 Fulminant Prism          Conj/Alch      11%        3d8       26%         4
 Iskenderun's Mystic Bla  Conj/Tloc      22%        2d6       26%         4
 Confusing Touch          Hex            7%         N/A       34%         3
 Gell's Gravitas          Tloc           7%         N/A       34%         3
 Teleport Other           Tloc           7%         N/A       34%         3
 Dispel Undead            Necr           7%         3d8       75%         4


Dungeon Overview and Level Annotations

Branches:
Dungeon (8/15)             Temple (1/1) D:4         Ossuary (visited)
   Lair: D:8-11

Altars:
Ashenzari
Cheibriados
Dithmenos
Fedhas
Hepliaklqana
Kikubaaqudgha
Makhleb
Nemelex Xobeh
Okawaru
Ru
Sif Muna
Trog
Uskayaw
Vehumet
Wu Jian
Xom
Yredelemnul
Zin
The Shining One

Shops:
D:3 :   D:8 [


Innate Abilities, Weirdness & Mutations

You are immune to sickness and miasma.
Your stone body is resilient. (AC +7)
You are immune to poison.
You resist negative energy. (rN+)
You are resistant to electric shocks. (rElec)
You are resistant to unholy torment.
You are immune to petrification.


Message History

Press: ? - help, Shift-Dir - straight line, f - orc wizard
Aim: an orc wizard, wielding a +0 dagger and wearing a +0 robe (81% to hit)
The blast of sand hits the orc wizard.
The orc wizard is heavily wounded.
The orc wizard hits you but does no damage.
The wight misses you. The orc wizard completely misses you.
The wight hits you from afar with a +4 halberd!
Casting: Sandblast (safe; 1% risk of failure)
Confirm with . or Enter, or press ? or * to list all spells.
Aiming: Sandblast (safe; 1% risk of failure)
Press: ? - help, Shift-Dir - straight line, f/p - orc wizard
Aim: an orc wizard, wielding a +0 dagger and wearing a +0 robe (heavily wounded, 81% to hit)
The blast of sand hits the orc wizard!!
You kill the orc wizard!
Vehumet accepts your kill.
You feel your power returning. The wight barely misses you.
You have reached level 10!
The orc attacks as it pursues you! The orc hits you with a +0 falchion.
The orc attacks as it pursues you! The orc misses you.
The orc attacks as it pursues you! You block the orc's attack.
Casting: Sandblast (safe; 1% risk of failure)
Confirm with . or Enter, or press ? or * to list all spells.
Aiming: Sandblast (safe; 1% risk of failure)
Press: ? - help, Shift-Dir - straight line, f - orc
Aim: an orc, wielding a +0 falchion (85% to hit)
The blast of sand hits the orc!
You kill the orc!
Vehumet accepts your kill.
Unknown command.
Casting: Sandblast (safe; 1% risk of failure)
Confirm with . or Enter, or press ? or * to list all spells.
Aiming: Sandblast (safe; 1% risk of failure)
Press: ? - help, Shift-Dir - straight line, f - wight
Aim: a wight, wielding a +4 halberd and wearing a +0 robe (85% to hit)
The blast of sand hits the wight!
The wight is heavily damaged.
The wight hits you from afar with a +4 halberd!
* * * LOW HITPOINT WARNING * * *
The wight hits you from afar with a +4 halberd!
You die...

# ... ###############
###..##.### ...............
.........# #
#####...###########..##.#.###.#
#..............................
.......[.......................
########...###.#####..##.#.###.#
......##....z#........#.........
.....))....zoz)@.....<..........
......##.....#.######'#.........
....) #.....#.# ##.+∩+.........
.... #...#.#.# #..#'#.........
... #...#.#.###....##.#.###.. ..
.....#.#............... .. .
......#.#.###.#.###......
....###.#...........#.###
#.............#


You could see 3 wights and an orc.

Vanquished Creatures
  Pikel (D:7)
  Prince Ribbit (D:7)
  2 wyverns
  A steam dragon (D:7)
  Menkaure (D:4)
  A water moccasin (D:8)
  An orc warrior (D:7)
  An ice beast (D:7)
  A sky beast (D:7)
  2 centaurs
  3 lemures (D:7)
  2 phantoms (D:6)
  Blork the orc (D:5)
  A kobold brigand (D:6)
  A bullfrog (D:7)
  3 scorpions
  A burial acolyte (Ossuary)
  3 wights
  A howler monkey (D:6)
  5 orc priests
  3 jellies
  3 bombardier beetles
  A hound (D:5)
  Jessica (D:2)
  3 iguanas
  A sleepcap (D:6)
  4 orc wizards
  A mummy (Ossuary)
  Robin (D:3)
  3 gnolls (D:5)
  3 adders
  A shadow imp (D:6)
  4 ufetubi (D:5)
  2 dart slugs (D:1)
  25 orcs
  9 ball pythons
  4 endoplasms
  2 giant cockroaches
  15 goblins
  5 hobgoblins
  4 jackals
  5 quokkas
  6 bats
  A frilled lizard (D:1)
  4 gnoll skeletons (Ossuary)
  9 kobolds
  7 kobold skeletons (Ossuary)
  9 orc skeletons (Ossuary)
  3 rats
  A rat zombie (D:7)
173 creatures vanquished.

Vanquished Creatures (others)
  A boulder (D:7)
  41 foxfires
42 creatures vanquished.

Grand Total: 215 creatures vanquished

Notes
Turn   | Place    | Note
-------+----------+-------------------------------------------
     0 | D:1      | lordive the Gargoyle Earth Elementalist began the quest for
                  | the Orb.
     0 | D:1      | Reached XP level 1. HP: 10/10 MP: 3/3
   194 | D:1      | Reached skill level 4 in Earth Magic
   194 | D:1      | Reached XP level 2. HP: 15/15 MP: 0/5
   714 | D:1      | Reached XP level 3. HP: 19/19 MP: 6/6
   724 | D:1      | Learned a level 3 spell: Stone Arrow
  1112 | D:2      | Found a faded altar of an unknown god.
  1582 | D:2      | Noticed Jessica
  1588 | D:2      | Killed Jessica
  1589 | D:2      | Reached skill level 5 in Earth Magic
  1589 | D:2      | Reached XP level 4. HP: 18/24 MP: 2/8
  1657 | D:2      | Identified the +0 robe of Stained Birdsong {Int+2}
  1977 | D:3      | Found Vyto's Book Shop.
  2148 | D:3      | Noticed Robin
  2162 | D:3      | Killed Robin
  2163 | D:3      | Reached XP level 5. HP: 11/28 MP: 0/9
  2256 | D:3      | Found a broken altar of Ashenzari.
  3003 | D:4      | Found a glowing silver altar of Zin.
  3358 | D:4      | Reached XP level 6. HP: 32/32 MP: 3/11
  3394 | D:4      | Reached skill level 6 in Earth Magic
  3726 | D:4      | Found a staircase to the Ecumenical Temple.
  3732 | Temple   | Entered the Ecumenical Temple
  3751 | Temple   | Became a worshipper of Vehumet
  3930 | D:4      | Noticed Menkaure
  3936 | D:4      | Killed Menkaure
  3990 | D:5      | Entered Level 5 of the Dungeon
  4010 | D:5      | Noticed a wyvern
  4017 | D:5      | HP: 1/33 [wyvern (9)]
  4018 | D:5      | Killed a wyvern
  4019 | D:5      | Reached XP level 7. HP: 2/37 MP: 6/13
  4591 | D:5      | Noticed Blork the orc
  4606 | D:5      | Killed Blork the orc
  4607 | D:5      | Reached skill level 7 in Earth Magic
  5239 | D:6      | Reached XP level 8. HP: 42/42 MP: 1/15
  5411 | D:6      | Reached skill level 5 in Conjurations
  5542 | D:6      | Reached skill level 5 in Spellcasting
  5692 | D:6      | Reached skill level 1 in Shields
  5897 | D:6      | Reached * piety under Vehumet
  5897 | D:6      | Offered knowledge of Shock by Vehumet.
  6113 | D:6      | Found a shimmering blue altar of Sif Muna.
  6143 | D:6      | Reached skill level 8 in Earth Magic
  6630 | D:7      | Found a hazy altar of Hepliaklqana.
  6772 | D:7      | Found an ornate altar of the Wu Jian Council.
  6772 | D:7      | Found a basalt altar of Yredelemnul.
  6829 | D:7      | Reached XP level 9. HP: 44/46 MP: 6/17
  6834 | D:7      | Found a sand-covered staircase.
  6843 | Ossuary  | Entered an ossuary
  6934 | Ossuary  | Reached ** piety under Vehumet
  6934 | Ossuary  | Offered knowledge of Foxfire by Vehumet.
  7162 | Ossuary  | Learned a level 4 spell: Brom's Barrelling Boulder
  7164 | Ossuary  | Learned a level 1 spell: Foxfire
  7500 | D:7      | Offered knowledge of Frozen Ramparts by Vehumet.
  7651 | D:7      | Reached skill level 9 in Earth Magic
  7694 | D:7      | Noticed Prince Ribbit
  7699 | D:7      | Reached skill level 1 in Fighting
  7701 | D:7      | Killed Prince Ribbit
  7702 | D:7      | Reached skill level 1 in Fire Magic
  7789 | D:7      | Noticed Pikel
  7808 | D:7      | Killed Pikel
  8001 | D:7      | Found a burning altar of Makhleb.
  8002 | D:7      | Found an ancient bone altar of Kikubaaqudgha.
  8225 | D:8      | Found Tocazy's Antique Armour Emporium.
  8268 | D:8      | Reached XP level 10. HP: 18/52 MP: 16/20
  8277 | D:8      | Slain by a wight

Illustrated notes

Levels and vault maps discovered:
D:1:      tarquinn_simple_flora_water_c, layout_loops_ring
D:2:      minmay_door_path, layout_rooms,
          shapermc_ecumenical_altar_mp_ritualfount, uniq_jessica
D:3:      layout_rooms, evilmike_ruin_ashenzari, serial_shops, shop,
          minivault_26, uniq_robin
D:4:      layout_rooms, kennysheep_mini_moat, minmay_temple_entry_fiery,
          chequers_serial_rivers_small_a, uniq_menkaure
D:5:      layout_loops_ring, kennysheep_nondescript, uniq_blork_the_orc
D:6:      layout_gridville, nicolae_sif_muna_condensation
D:7:      layout_loops_ring, gammafunk_temple_overflow_statue,
          nicolae_overflow_crystal_walls, nicolae_overflow_two_pavilions,
          enter_ossuary_3, kennysheep_generic_room_16, uniq_pikel,
          uniq_prince_ribbit1
D:8:      layout_basic, serial_glass, glass_columns_a, glass_columns_b,
          glass_columns_c, glass_columns_a, serial_shops, shop, kennysheep_mini,
          nicolae_shop_peninsula
Temple:   nicolae_temple_bog_church

Skill      XL: |  1  2  3  4  5  6  7  8  9 |
---------------+----------------------------+-----
Earth Magic    | 4 5 6 7 8 9 |  9.5
Spellcasting   | 3 4 5 6 |  6.7
Conjurations   | 2 3 4 5 7 |  7.1
Dodging        | 2 3 |  3.8
Shields        | 2 4 |  4.0
Fighting       | 1 |  1.1
Fire Magic     | 2 |  2.1
Stealth        | |  2.3

Action                     |  1- 3 |  4- 6 |  7- 9 | 10-12 || total
---------------------------+-------+-------+-------+-------++-------
  Melee: Whip              |    51 |       |       |       ||    51
         Flail             |       |    18 |     6 |       ||    24
   Cast: Sandblast         |    28 |    38 |    98 |     2 ||   166
         Stone Arrow       |     7 |    29 |    55 |       ||    91
         Foxfire           |       |       |    24 |       ||    24
         Brom's Barrelling |       |       |     1 |       ||     1
    Use: Scroll            |       |     4 |     6 |       ||    10
   Stab: Sleeping          |     2 |       |       |       ||     2
 Armour: Robe              |    51 |    57 |    45 |     3 ||   156
  Dodge: Dodged            |    79 |    58 |    35 |     1 ||   173
  Block: Buckler           |       |       |    17 |     1 ||    18
